 Dungeon Crawl Stone Soup version 0.31-a0-640-g39d97e502b (webtiles) character file.

82278 dondy the Executioner (level 15, 141/144 HPs)
             Began as a Hill Orc Monk on Jan 6, 2019.
             Was the Champion of Beogh.
             Quit the game on level 2 of the Shoals on Aug 28, 2023.
             The game lasted 02:19:03 (28232 turns).

dondy the Executioner (Hill Orc Monk)              Turns: 28232, Time: 02:19:04

Health: 141/144    AC: 23    Str: 23    XL:     15   Next: 73%
Magic:  6/6        EV: 12    Int: 12    God:    Beogh [******]
Gold:   2117       SH:  0    Dex: 13    Spells: 14/14 levels left

rFire   + . .        a - +4 battleaxe (antimagic)
rCold   . . .        (shield currently unavailable)
rNeg    . . .        r - +0 plate armour
rPois   +            (helmet restricted)
rElec   .            I - scarf {Spirit}
rCorr   .            w - +0 pair of gloves
SInv    .            Z - +2 pair of boots
Will    ++...        p - amulet "Uqoc" {RegenMP rF+ Str+2 Int+2} Stlth
                     z - ring of poison resistance
HPRegen 0.44/turn    D - +3 ring of evasion
MPRegen 0.50/turn

%: guardian spirit
@: no status effects
A: walk on water, horns 1, strong-willed 1, evolution 1
a: Renounce Religion, Smiting, Recall Orcish Followers, Give Item to Named
Follower, Resurrection


You were on level 2 of the Shoals.
You worshipped Beogh.
Beogh was exalted by your worship.
You visited 4 branches of the dungeon, and saw 25 of its levels.

You collected 2261 gold pieces.
You spent 144 gold pieces at shops.

Inventory:

Hand Weapons
 a - a +4 antimagic battleaxe (weapon)
 y - the +4 spear of the Queen {flame, rN+ Str-2 Int+4, unknown}
   (You found it on level 6 of the Lair of Beasts)

   Str-2:     It affects your strength (-2).
   Int+4:     It affects your intelligence (+4).
   rN+:       It protects you from negative energy.
 K - a +4 halberd
Missiles
 G - a throwing net (quivered)
 V - 6 javelins
Armour
 r - a +0 plate armour (worn)
 w - a +0 pair of gloves (worn)
 I - a scarf of spirit shield (worn)
 M - a scarf of repulsion
 Z - a +2 pair of boots (worn)
Jewellery
 l - a ring of protection from fire
 p - the amulet "Uqoc" (around neck) {RegenMP rF+ Str+2 Int+2}
   (You found it on level 11 of the Dungeon)

   [amulet of magic regeneration]

   RegenMP:   It increases your rate of magic regeneration.
   Str+2:     It affects your strength (+2).
   Int+2:     It affects your intelligence (+2).
   rF+:       It protects you from fire.
 z - a ring of poison resistance (left hand)
 D - a +3 ring of evasion (right hand)
 E - a ring of resist corrosion
 H - a ring of protection from cold
Wands
 b - a wand of mindburst (19)
 h - a wand of flame (41)
 t - a wand of charming (18)
 x - a wand of acid (5)
 C - a wand of iceblast (10)
 N - a wand of polymorph (20)
 O - a wand of paralysis (12)
 W - a wand of removedness (25)
Scrolls
 d - 11 scrolls of removedness
 f - 5 scrolls of teleportation
 j - 3 scrolls of revelation
 m - 5 scrolls of fear
 n - 2 scrolls of amnesia
 s - 3 scrolls of fog
 v - 2 scrolls of enchant weapon {unknown}
 A - a scroll of blinking {unknown}
 B - 3 scrolls of immolation
 J - a scroll of vulnerability {unknown}
 P - 3 scrolls of brand weapon {unknown}
 Q - a scroll of enchant armour {unknown}
 S - a scroll of acquirement {unknown}
 T - a scroll of noise {unknown}
 U - 2 scrolls of summoning {unknown}
Potions
 e - 3 potions of haste
 g - a potion of cancellation {unknown}
 i - 10 potions of curing
 k - 9 potions of might
 o - 3 potions of ambrosia
 q - 4 potions of heal wounds
 u - 2 potions of mutation
 L - 2 potions of invisibility {unknown}
 R - a potion of enlightenment {unknown}
 X - 4 potions of lignification
 Y - a potion of magic {unknown}
Comestibles
 c - 37 removed foods


   Skills:
 + Level 16.1 Fighting
 + Level 22.0 Axes
 + Level 17.3 Armour
 + Level 3.4 Dodging
 - Level 1.5 Stealth
 - Level 4.0 Invocations
 - Level 4.0 Evocations


You had 14 spell levels left.
You didn't know any spells.
Your spell library contained the following spells:

 Spells                   Type           Power      Damage    Failure   Level
 Corona                   Hex            0%         N/A       94%         1
 Freeze                   Ice            0%         1d3       94%         1
 Magic Dart               Conj           0%         1d3       94%         1
 Shock                    Conj/Air       0%         1d3       94%         1
 Slow                     Hex            0%         N/A       94%         1
 Blink                    Tloc           0%         N/A       98%         2
 Call Imp                 Summ           0%         N/A       98%         2
 Ensorcelled Hibernation  Hex/Ice        0%         N/A       98%         2
 Lesser Beckoning         Tloc           0%         N/A       98%         2
 Static Discharge         Conj/Air       0%         2-2/arc   98%         2
 Confusing Touch          Hex            0%         N/A       100%        3
 Dazzling Flash           Conj/Hex       0%         N/A       100%        3
 Gell's Gravitas          Tloc           0%         N/A       100%        3
 Hailstorm                Conj/Ice       0%         3d3       100%        3
 Mephitic Cloud           Conj/Pois/Air  0%         N/A       100%        3
 Ozocubu's Armour         Ice            0%         N/A       100%        3
 Swiftness                Air            0%         N/A       100%        3
 Teleport Other           Tloc           0%         N/A       100%        3
 Tukima's Dance           Hex            0%         N/A       100%        3
 Airstrike                Air            0%         2d(0-16)  100%        4
 Passage of Golubria      Tloc           0%         N/A       100%        4
 Summon Ice Beast         Ice/Summ       0%         N/A       100%        4
 Lightning Bolt           Conj/Air       0%         1d11      100%        5


Dungeon Overview and Level Annotations

Branches:
Dungeon (15/15)            Temple (0/1) D:4            Lair (6/6) D:9
 Shoals (2/4) Lair:2        Snake (0/4) Lair:2        Slime (0/5) Lair:5
    Orc (2/2) D:11            Elf (0/3) Orc:2        Vaults (0/5) D:14
 Depths (0/5) D:15

Altars:
Gozag
Makhleb
Qazlal
Zin
The Shining One

Shops:
D:5 *   D:9 *   D:11 *   Orc:1 :=[   Orc:2 [*:x

Portals:
Pandemonium: Orc:2

Annotations:
D:5 1 runed door
D:12 3 exclusions
Lair:5 exclusion: 4 oklob plants


Innate Abilities, Weirdness & Mutations

You can walk on water.
You have a pair of small horns on your head.
You are strong-willed. (Will+)
You have hidden genetic potential.


Message History

Arbeogh hits the death yak with a +2 halberd!
Nordag hits the death yak with a +0 glaive!!
The death yak dies!
Beogh accepts your kill.
You swap places.
You start resting.
Okrist no longer looks unusually strong.
Nordag no longer looks unusually strong.
Margrim no longer looks unusually strong.
Grimold no longer looks unusually strong.
Your orc warrior no longer looks unusually strong.
Orgrim no longer looks unusually strong.
Arbeogh no longer looks unusually strong.
Your orc warrior no longer looks unusually strong.
Your orc knight no longer looks unusually strong.
Your orc high priest no longer looks unusually strong.
Your orc warrior no longer looks unusually strong.
Your orc knight no longer looks unusually strong.
Your soul eater disappears in a puff of smoke!
Your orc high priest shouts, "All unbelievers must die!"
All of the chunks of flesh in your inventory have rotted away.
Your orc warrior chants, "I shall fear no evil, for dondy is my saviour."
You are feeling hungry.
Unknown command.
You start resting.
Grimold yells, "Blood in Beogh's name!"
HP restored.
Save game and exit?
Welcome back, dondy the Hill Orc Monk.
Beogh says: Drown the unbelievers in a sea of blood!
Press ? for a list of commands and other information.
Save game and exit?
Your Fighting skill increases to level 16!
Your Axes skill gained 2 levels and is now at level 22!
Your Armour skill increases to level 17!
Welcome back, dondy the Hill Orc Monk.
Beogh says: Drown the unbelievers in a sea of blood!
Press ? for a list of commands and other information.
Okay, then.
Are you sure you want to abandon this character and quit the game? (Confirm with "yes".)

....~~~...~~~~~ ~~~
≈~~~~~~~~~~~~~~~. ~~.
#### ~~<~~~~~~~~~~~~..
~~~
###P≈≈###~≈.~~~~~~~~....
~~~
#PP≈~~~≈##P≈~~~~~~~....
~~~ P~~....P~
#~~~~~~~...# # ~~~
≈~~....~≈
#P..~~o....##.## ≈≈≈
#~~~..~~~
#~..~ooo~~~.~... ~~~
~#P≈P#P~.
#~#.oo@oo.÷(~~~~ ~~~
o#P##≈# #~...ooo.~~~~~..


YC~ ##≈~ P~ #P.~~~o~~~~..... ~~~ # P~C m #~~~~~~~~~~~~~~. ~~. [~C~
#~~.~~~~~~~~~~.. ~~. # $C~CP #~≈.~~≈≈≈≈~~~~.(# ###~≈P###P≈~~~~~~≈~~~~~..#
≈≈#####P~~~~~~~~~≈~~~~~~~. ≈P~≈~≈PP~~~~~≈~~~≈≈~~~~~~. You could see the friendly
Margrim the orc warlord, 2 friendly orc knights, the friendly Arbeogh the orc
knight, the friendly Grimold the orc knight, the friendly Nordag the orc knight,
the friendly Okrist the orc knight, the friendly Orgrim the orc knight, a
friendly orc high priest and 3 friendly orc warriors.

Vanquished Creatures
  A frost giant (Shoals:2)
  A merfolk javelineer (Shoals:1)
  Erolcha (Orc:2)
  A merfolk avatar (Lair:6)
  3 centaur warriors
  3 two-headed ogres
  An alligator snapping turtle (Shoals:1)
  The ghost of TheNamelessOne the Frost Mage, a journeyman OpIE of Vehumet (D:11)
  6 skeletal warriors (D:15)
  2 sea snakes (Shoals:1)
  6 unseen horrors
  A removed torturous demonspawn (Orc:2)
  A deep elf archer (D:14)
  A harpy (Shoals:1)
  2 ugly things (D:15)
  A wolf spider zombie (D:14)
  A salamander (D:15)
  2 manticores
  A cyclops (D:12)
  2 deep elf pyromancers
  A faun (Shoals:1)
  2 orc sorcerers (Orc:2)
  3 merfolk sirens
  A black mamba (Lair:4)
  A water nymph (Shoals:1)
  A torpor snail (Lair:6)
  A cane toad (Lair:6)
  2 merfolk
  A hellwing (Orc:2)
  5 trolls
  Prince Ribbit (D:7)
  4 slime creatures (D:12)
  2 removed hippogriffs
  3 snapping turtles (Shoals:1)
  A blink frog (Lair:6)
  3 dream sheep
  A shadow (D:15)
  A wraith (D:12)
  A fire elemental (Orc:2)
  2 hogs (Shoals:1)
  A basilisk (Lair:6)
  8 yaks
  3 vampire mosquitoes (D:10)
  3 acid dragons
  A removed soldier ant (D:11)
  2 water moccasins (D:9)
  3 removed porcupines
  3 ice beasts
  5 orc warriors
  2 removed slaves (D:7)
  6 ogres
  2 sky beasts
  A removed eye of draining (D:12)
  3 wolves
  9 centaurs
  3 removed crocodiles
  5 bullfrogs
  4 scorpions
  Dowan (D:7)
  10 killer bees
  3 howler monkeys
  3 crimson imps
  An iron imp (D:6)
  Crazy Yiuf (D:2)
  2 centaur skeletons
  3 orc priests
  A bullfrog skeleton (D:3)
  A gnoll bouda (D:9)
  A jelly (D:9)
  5 orc wizards
  5 iguanas
  7 removed worker ants
  A hound skeleton (D:6)
  A removed worker ant zombie (D:10)
  A howler monkey skeleton (D:4)
  10 gnolls
  5 adders
  An adder zombie (D:5)
  An adder skeleton (D:4)
  3 worms
  2 dart slugs
  9 orcs
  3 removed leopard geckos
  4 bats
  5 giant cockroaches
  6 hobgoblins
  8 jackals
  9 kobolds
  2 quokkas
  6 frilled lizards
  14 goblins
  A hobgoblin zombie (D:6)
  A kobold skeleton (D:6)
  12 rats
  A removed leopard gecko skeleton (D:5)
289 creatures vanquished.

Vanquished Creatures (collateral kills)
  Rupert (D:15)
  Polyphemus (Shoals:2)
  Kirke (Shoals:1)
  Roxanne (D:15)
  An ironbound preserver (D:14)
  Azrael (Orc:2)
  Snorg (D:11)
  Josephine (Orc:2)
  The ghost of kirsanium the Spear-Bearer, a journeyman GnCK of Xom (Lair:1)
  A merfolk avatar (Shoals:1)
  A catoblepas (Shoals:2)
  7 hydras
  An alligator snapping turtle (Shoals:2)
  A death knight (D:15)
  A tengu warrior (D:14)
  4 two-headed ogres
  Urug (Lair:5)
  2 orc high priests (Orc:2)
  8 death yaks
  A sun demon (Orc:2)
  A shock serpent (shapeshifter) (D:15)
  A sixfirhy (Orc:2)
  A skeletal warrior (D:15)
  A removed gelid demonspawn (Orc:2)
  2 sea snakes
  A removed torturous demonspawn (Orc:2)
  A phantasmal warrior (D:15)
  Pikel (D:7)
  4 harpies
  A wizard (D:13)
  5 ugly things
  A wolf spider zombie (D:15)
  6 orc knights
  8 cyclopes
  2 fauns (Shoals:1)
  3 orc sorcerers
  2 deep elf pyromancers (D:14)
  7 manticores
  5 elephants (Lair:6)
  A centaur zombie (D:15)
  2 black mambas (Lair:3)
  Maurice (D:12)
  A guardian serpent (shapeshifter) (D:15)
  2 gargoyles
  2 efreet
  2 rime drakes
  7 cane toads
  An orange demon (Orc:2)
  A freezing wraith (D:15)
  2 ice devils (D:14)
  10 komodo dragons
  7 merfolk
  3 trolls
  7 polar bears (Lair:6)
  A wind drake (Shoals:1)
  2 hornets
  7 dream sheep
  3 blink frogs
  3 slime creatures
  A snapping turtle (Shoals:2)
  8 removed hippogriffs
  A spriggan (D:9)
  3 wraiths (Orc:2)
  6 wyverns
  28 yaks
  3 hogs (Shoals:1)
  A steam dragon (Lair:3)
  A water elemental (Shoals:1)
  3 fire bats (Lair:5)
  A fire elemental (Orc:2)
  A neqoxec (Orc:2)
  3 removed hungry ghosts
  A vampire mosquito (D:10)
  3 wargs
  17 water moccasins
  2 hell hounds (Orc:2)
  Duvessa (D:7)
  6 removed porcupines
  9 orc warriors
  2 ice beasts
  2 removed slaves (D:7)
  A black bear (D:9)
  A hornet zombie (D:7)
  4 sky beasts
  A necrophage (D:6)
  3 phantoms
  12 wolves
  3 ogres
  17 removed crocodiles
  13 centaurs
  2 kobold brigands
  11 bullfrogs
  2 wyvern skeletons
  A scorpion (D:8)
  6 killer bees
  2 electric eels
  2 howler monkeys
  7 crimson imps
  2 bullfrog zombies (D:12)
  A quasit (D:6)
  A lava snake (Lair:5)
  2 hounds (D:14)
  A jelly (D:7)
  4 centaur skeletons
  8 orc priests
  9 orc wizards
  2 iguanas (D:9)
  5 removed worker ants
  A hound zombie (D:11)
  A hound skeleton (D:10)
  A gnoll (D:7)
  A howler monkey skeleton (D:11)
  8 adders
  2 shadow imps
  13 orcs
  2 removed leopard geckos
  A goblin (D:3)
  2 jackals (D:7)
  2 kobolds (D:11)
  3 quokkas
  A giant cockroach zombie (D:6)
  A goblin skeleton (D:6)
  A goblin zombie (D:6)
  A hobgoblin zombie (D:6)
  2 kobold zombies (D:6)
  An orc skeleton (D:6)
  An orc zombie (D:6)
  A removed leopard gecko zombie (D:7)
  A butterfly (Lair:2)
428 creatures vanquished.

Vanquished Creatures (others)
  An orc warlord (Shoals:2)
  2 orc high priests
  3 orc sorcerers (Orc:2)
  An orc knight (Shoals:2)
  2 orc wizards
  A yak (D:14)
  21 orc warriors
  14 orc priests
  Robin (D:2)
  59 orcs
  4 goblins (D:2)
109 creatures vanquished.

Grand Total: 826 creatures vanquished

Notes
Turn   | Place    | Note
-------+----------+-------------------------------------------
     0 | D:1      | dondy the Hill Orc Monk began the quest for the Orb.
     0 | D:1      | Reached XP level 1. HP: 19/19 MP: 1/1
   145 | D:1      | Reached XP level 2. HP: 24/26 MP: 2/2
   357 | D:2      | Noticed Robin
   373 | D:2      | Became a worshipper of Beogh the Brigand
   373 | D:2      | Reached * piety under Beogh
   373 | D:2      | Reached ** piety under Beogh
   385 | D:2      | Reached skill level 5 in Axes
   844 | D:1      | Reached XP level 3. HP: 29/31 MP: 3/3
  1510 | D:2      | Reached skill level 6 in Axes
  1686 | D:2      | Killed Robin
  1784 | D:2      | Reached XP level 4. HP: 31/39 MP: 4/4
  1878 | D:2      | Found a runed door.
  2238 | D:2      | Reached *** piety under Beogh
  2703 | D:3      | Reached skill level 7 in Axes
  2714 | D:3      | Reached XP level 5. HP: 39/46 MP: 5/5
  3229 | D:3      | Found an opulent altar of Gozag.
  4092 | D:4      | Reached skill level 1 in Armour
  4115 | D:4      | Reached skill level 8 in Axes
  4217 | D:4      | Noticed a sky beast
  4227 | D:4      | Reached XP level 6. HP: 52/52 MP: 6/6
  4243 | D:4      | Killed a sky beast
  4869 | D:4      | Found a staircase to the Ecumenical Temple.
  5088 | D:5      | Entered Level 5 of the Dungeon
  5095 | D:5      | Found Kisiar's Lightly-Used Armoury.
  5141 | D:5      | Noticed a phantom
  5170 | D:5      | Killed a phantom
  5283 | D:5      | Found a glowing silver altar of Zin.
  5284 | D:5      | Found a runed door.
  5284 | D:5      | Noticed an angel
  5540 | D:5      | Noticed an ice beast
  5559 | D:5      | Killed an ice beast
  5559 | D:5      | Reached skill level 9 in Axes
  5559 | D:5      | Reached XP level 7. HP: 22/60 MP: 7/7
  6081 | D:6      | Reached skill level 10 in Axes
  6308 | D:6      | Noticed a wyvern
  6313 | D:6      | Killed a wyvern
  6313 | D:6      | Reached skill level 5 in Fighting
  6313 | D:6      | Reached XP level 8. HP: 64/68 MP: 8/8
  6360 | D:6      | Reached **** piety under Beogh
  6613 | D:6      | Found a glowing golden altar of the Shining One.
  6633 | D:6      | Reached skill level 1 in Invocations
  6931 | D:6      | Reached skill level 5 in Armour
  6937 | D:6      | Found a burning altar of Makhleb.
  6941 | D:6      | Reached skill level 11 in Axes
  7067 | D:7      | Noticed Pikel
  7083 | D:7      | Killed Pikel
  7199 | D:7      | Reached XP level 9. HP: 75/75 MP: 11/11
  7205 | D:7      | Reached skill level 12 in Axes
  7519 | D:7      | Noticed Prince Ribbit
  7531 | D:7      | Killed Prince Ribbit
  7716 | D:7      | Noticed Dowan
  7717 | D:7      | Noticed Duvessa
  7724 | D:7      | Killed Dowan
  7727 | D:7      | Killed Duvessa
  7798 | D:7      | Gained Arbeogh as an ally
  8076 | D:7      | Noticed a deep elf mage
  8087 | D:7      | Killed a deep elf mage
  8087 | D:7      | Reached skill level 13 in Axes
  8442 | D:8      | Reached ***** piety under Beogh
  8450 | D:8      | Reached XP level 10. HP: 38/84 MP: 12/12
  8469 | D:8      | Gained Borgk as an ally
  8469 | D:8      | Reached skill level 14 in Axes
  8474 | D:8      | Noticed a two-headed ogre
  8480 | D:8      | Killed a two-headed ogre
  9631 | D:9      | Noticed a two-headed ogre
  9644 | D:9      | Killed a two-headed ogre
 10018 | D:9      | Found Tisirerr's Serpentskin Sales.
 10034 | D:9      | Reached skill level 15 in Axes
 10331 | D:9      | Found a staircase to the Lair.
 10710 | D:9      | Reached XP level 11. HP: 92/95 MP: 13/13
 11562 | D:2      | Found a runed door.
 11566 | D:2      | Noticed Crazy Yiuf
 11570 | D:2      | Killed Crazy Yiuf
 11811 | Lair:1   | Entered Level 1 of the Lair of Beasts
 11888 | Lair:1   | Found a runed gate.
 11891 | Lair:1   | Found a runed gate.
 11891 | Lair:1   | Noticed kirsanium's ghost (journeyman GnCK)
 11892 | Lair:1   | Found a runed gate.
 11892 | Lair:1   | Noticed a 12-headed hydra
 12035 | Lair:1   | Reached skill level 10 in Armour
 12299 | Lair:1   | Found the +9 staff of Wucad Mu {channel}
 12810 | Lair:2   | Found a staircase to the Snake Pit.
 12881 | Lair:2   | Gained Borgk as an ally
 13140 | Lair:2   | Noticed a five-headed hydra
 13144 | Lair:2   | Killed a five-headed hydra
 13273 | Lair:2   | Found a staircase to the Shoals.
 13400 | Lair:3   | Noticed a seven-headed hydra
 13404 | Lair:3   | Killed a six-headed hydra
 13604 | Lair:3   | Reached skill level 10 in Fighting
 14447 | Lair:4   | Gained Margrim as an ally
 15088 | Lair:5   | Noticed a six-headed hydra
 15095 | Lair:5   | Killed a six-headed hydra
 15105 | Lair:5   | Found a staircase to the Slime Pits.
 15106 | Lair:5   | Reached XP level 12. HP: 95/107 MP: 15/15
 15438 | Lair:5   | Noticed a four-headed hydra
 15444 | Lair:5   | Killed a five-headed hydra
 15764 | Lair:5   | Gained Okrist as an ally
 15769 | Lair:5   | Noticed Urug
 15779 | Lair:5   | Killed Urug
 16276 | Lair:6   | Entered Level 6 of the Lair of Beasts
 16550 | Lair:6   | Reached ****** piety under Beogh
 16556 | Lair:6   | Noticed a five-headed hydra
 16563 | Lair:6   | Killed a three-headed hydra
 16793 | Lair:6   | Noticed a death yak
 16793 | Lair:6   | Noticed a death yak
 16798 | Lair:6   | Noticed a death yak
 16799 | Lair:6   | Noticed a death yak
 16802 | Lair:6   | Noticed a death yak
 16803 | Lair:6   | Killed a death yak
 16803 | Lair:6   | Reached skill level 1 in Evocations
 16805 | Lair:6   | Killed a death yak
 16811 | Lair:6   | Killed a death yak
 16811 | Lair:6   | Reached skill level 16 in Axes
 16818 | Lair:6   | Killed a death yak
 16820 | Lair:6   | Killed a death yak
 17232 | Lair:6   | Reached XP level 13. HP: 110/117 MP: 16/16
 17315 | Lair:6   | Got an ichor-stained great sword
 17317 | Lair:6   | Identified the +11 great sword "Nentiki" {slice, Int+4
                  | Dex+4} (You found it on level 6 of the Lair of Beasts)
 17657 | Lair:6   | Got a crude spear
 17913 | D:10     | Entered Level 10 of the Dungeon
 18605 | D:11     | Found Neucaew's Assorted Antiques.
 18637 | D:11     | Found a staircase to the Orcish Mines.
 18638 | D:11     | Found a stormy altar of Qazlal.
 18641 | D:11     | Noticed Snorg
 18647 | D:11     | Killed Snorg
 18872 | D:11     | Found a large runed door.
 18873 | D:11     | Found a large runed door.
 18876 | D:11     | Noticed TheNamelessOne's ghost (journeyman OpIE)
 19618 | D:12     | Reached skill level 17 in Axes
 19628 | D:12     | Noticed Maurice
 19634 | D:12     | Killed Maurice
 20812 | D:11     | Killed TheNamelessOne's ghost
 20821 | D:11     | Got a brightly glowing bone amulet
 20823 | D:11     | Identified the amulet "Uqoc" {RegenMP rF+ Str+2 Int+2} (You
                  | found it on level 11 of the Dungeon)
 20954 | Lair:1   | Reached skill level 15 in Armour
 20955 | Lair:1   | Killed kirsanium's ghost
 21194 | D:13     | Reached XP level 14. HP: 129/129 MP: 5/17
 21283 | D:13     | Reached skill level 18 in Axes
 22260 | D:14     | Noticed an ironheart preserver
 22265 | D:14     | Killed an ironheart preserver
 22420 | D:14     | Found a gate to the Vaults.
 22452 | D:14     | Found the +8 storm bow {elec}
 23155 | D:15     | Entered Level 15 of the Dungeon
 23155 | D:15     | Noticed Roxanne
 23162 | D:15     | Killed Roxanne
 23321 | D:15     | Noticed Rupert
 23332 | D:15     | Killed Rupert
 23332 | D:15     | Reached skill level 19 in Axes
 23949 | D:15     | Found a staircase to the Depths.
 24047 | D:15     | Gained Bogdar as an ally
 24180 | D:15     | Gained Orgrim as an ally
 24722 | Orc:1    | Entered Level 1 of the Orcish Mines
 24723 | Orc:1    | Found Nigi Vau's Book Shop.
 24796 | Orc:1    | Found Falanag's Antique Armour Boutique.
 24812 | Orc:1    | Found Odweic's Jewellery Shop.
 24819 | Orc:1    | Bought a cursed ring of teleportation for 76 gold pieces
 25028 | Orc:2    | Entered Level 2 of the Orcish Mines
 25028 | Orc:2    | Noticed Erolcha
 25035 | Orc:2    | Your ally Borgk died
 25037 | Orc:2    | Killed Erolcha
 25037 | Orc:2    | Reached XP level 15. HP: 127/139 MP: 4/18
 25038 | Orc:2    | Noticed Josephine
 25049 | Orc:2    | Found a staircase to the Elven Halls.
 25051 | Orc:2    | Killed Josephine
 25057 | Orc:2    | Noticed Azrael
 25062 | Orc:2    | Your ally Bogdar died
 25062 | Orc:2    | Killed Azrael
 25674 | Orc:2    | Found Qaijari's General Store.
 25675 | Orc:2    | Found Gipaadoihy's Food Boutique.
 25688 | Orc:2    | Gained Bogwald as an ally
 25691 | Orc:2    | Gained mutation: Your body sometimes deteriorates upon
                  | taking damage. [a neqoxec]
 25692 | Orc:2    | Gained mutation: Your spells are a little easier to cast,
                  | but a little less powerful. [a neqoxec]
 25768 | Orc:2    | Reached skill level 20 in Axes
 25783 | Orc:2    | Gained Grimold as an ally
 25790 | Orc:2    | Gained Nordag as an ally
 26035 | Orc:2    | Bought 2 scrolls of identify for 68 gold pieces
 26068 | Orc:2    | Found Plog's Book Shoppe.
 26068 | Orc:2    | Found Vyus Teawn's Antique Armour Emporium.
 26068 | Orc:2    | Found a one-way gate leading to the halls of Pandemonium.
 26342 | Shoals:1 | Entered Level 1 of the Shoals
 26396 | Shoals:1 | Lost mutation: Your body sometimes deteriorates upon taking
                  | damage. [potion of mutation]
 26396 | Shoals:1 | Lost mutation: Your spells are a little easier to cast, but
                  | a little less powerful. [potion of mutation]
 26396 | Shoals:1 | Gained mutation: You have hidden genetic potential. [potion
                  | of mutation]
 26396 | Shoals:1 | Gained mutation: You have a pair of small horns on your
                  | head. [potion of mutation]
 26396 | Shoals:1 | Gained mutation: You have a pair of horns on your head.
                  | [potion of mutation]
 26396 | Shoals:1 | Gained mutation: You are strong-willed. (Will+) [potion of
                  | mutation]
 26508 | Shoals:1 | Reached skill level 15 in Fighting
 26965 | Shoals:1 | Lost mutation: You have a pair of horns on your head.
                  | [evolution]
 26970 | Shoals:1 | Noticed Kirke
 26983 | Shoals:1 | Killed Kirke
 27486 | Shoals:2 | Noticed a frost giant
 27496 | Shoals:2 | Killed a frost giant
 27794 | Shoals:2 | Noticed Polyphemus
 27816 | Shoals:2 | Killed Polyphemus
 27821 | Shoals:2 | Your ally Borgk died
 27824 | Shoals:2 | HP: 6/141 [merfolk javelineer/poisoned javelin (9)]
 28232 | Shoals:2 | Upgraded the game from 0.23-a0-650-ga4d50d4 to
                  | 0.24-a0-698-g60d090ba07
 28232 | Shoals:2 | Reached skill level 22 in Axes
 28232 | Shoals:2 | Upgraded the game from 0.24-a0-698-g60d090ba07 to
                  | 0.31-a0-640-g39d97e502b
 28232 | Shoals:2 | Quit the game

Illustrated notes

Levels and vault maps discovered:
D:1:      minmay_arrival_stair_chambers
D:2:      uniq_crazy_yiuf_cottage, uniq_robin
D:3:      serial_bayou, serial_bayou_pond_b, serial_bayou_ford_a,
          serial_bayou_pond_e, serial_bayou_lagoon_b, first_ration,
          nicolae_gozag_seed_capital
D:4:      minmay_temple_entry_slanted, serial_rivers,
          chequers_serial_rivers_marsh, chequers_serial_rivers_micro_e,
          chequers_serial_rivers_room_a, chequers_serial_rivers_micro_a,
          minmay_splitting_lines
D:5:      minmay_shop_damaged, minmay_misc_feat_pillars, lemuel_angel_altar
D:6:      makhleb_blood_cavern_becter, grunt_ministairs_4,
          nicolae_tso_besieged_by_evil
D:7:      guppyfry_early_elven_hall, uniq_duvessa, uniq_prince_ribbit1,
          uniq_pikel
D:9:      david_lair_shrubbed, the_bakery, guppyfry_shop_venom
D:10:     minmay_radiant
D:11:     orc_0_dummy, ebering_ghost_disaster_area, serial_shops, shop,
          nicolae_qazlal_style_of_elements, uniq_snorg
D:12:     uniq_maurice
D:14:     skrybe_vaults_entry_preservation, portal_ice_cave_demonic_guard,
          infiniplex_staircase_squiggle
D:15:     hangedman_depths_entry_try_elsewhere_first, uniq_roxanne, uniq_rupert
Lair:1:   gammafunk_ghost_hydra_chop
Lair:2:   elwin_shoals_entry_rooms, dummy_snake_entry,
          infiniplex_staircase_pool, lemuel_fruit_fields
Lair:3:   grunt_megastairs_1, infiniplex_staircase_pool_2
Lair:4:   grunt_megastairs_5
Lair:5:   slime_dummy, minmay_lair_oklob_chamber, serial_bayou_shore_b,
          uniq_urug
Lair:6:   gammafunk_lair_ancient_temple
Shoals:1: uniq_kirke
Shoals:2: st_shoals_ruin, uniq_polyphemus
Orc:1:    serial_shops, nicolae_shop_statue_plus, nicolae_shop_behind_doors,
          nicolae_shop_stone, shop
Orc:2:    pf_orc_diabolical, nicolae_orc_damp_corner, uniq_josephine,
          uniq_azrael, uniq_erolcha

Skill      XL: |  1  2  3  4  5  6  7  8  9 10 11 12 13 14 15 |
---------------+----------------------------------------------+-----
Axes           | 5 6 7 8 9 10 11 13 15 16 17 19 22 | 22.0
Fighting       | 4 5 6 8 10 11 13 14 16 | 16.1
Armour         | 1 2 4 5 7 9 12 14 15 17 | 17.3
Invocations    | 2 3 4 |  4.0
Evocations     | 2 4 |  4.0
Dodging        | 3 |  3.4
Stealth        | |  1.5

Action                     |  1- 3 |  4- 6 |  7- 9 | 10-12 | 13-15 || total
---------------------------+-------+-------+-------+-------+-------++-------
  Melee: Hand axe          |   151 |   258 |   198 |   316 |    19 ||   942
         Battleaxe         |       |       |       |       |   552 ||   552
         Headbutt          |       |       |       |       |    21 ||    21
  Throw: Boomerang         |       |     2 |       |       |       ||     2
 Invoke: Convert to Beogh  |     1 |       |       |       |       ||     1
         Smiting           |       |       |       |     3 |     7 ||    10
         Recall Orcish Fol |       |       |       |     5 |    18 ||    23
         Give Item to Name |       |       |       |     3 |     2 ||     5
         Resurrection      |       |       |       |       |     1 ||     1
         Stop Recall       |       |       |       |       |     5 ||     5
  Evoke: Wand              |       |     2 |     5 |     3 |       ||    10
    Use: Scroll            |       |       |       |     2 |    16 ||    18
         Potion            |       |       |       |       |     2 ||     2
   Stab: Sleeping          |     3 |       |       |       |       ||     3
         Distracted        |       |       |     3 |     4 |    11 ||    18
    Eat: Removed food      |     3 |     8 |     9 |    24 |    33 ||    77
         Removed food      |       |     1 |       |     1 |     1 ||     3
 Armour: Robe              |    12 |     9 |       |       |       ||    21
         Ring mail         |       |    50 |     4 |       |       ||    54
         Plate armour      |       |       |   137 |   238 |   447 ||   822
  Dodge: Dodged            |   106 |   123 |    51 |   146 |   365 ||   791
  Block: Buckler           |       |       |    28 |    99 |     4 ||   131
         Reflection        |       |       |       |     1 |     2 ||     3
         Other             |       |       |       |       |    41 ||    41

Table legend: (Time is in decaauts)
 A = Elapsed time spent in this place.
 B = Non-inter-level travel time spent in this place.
 C = Inter-level travel time spent in this place.
 D = Time resting spent in this place.
 E = Time spent auto-exploring this place.
 F = Levels seen in this place.
 G = Mean time per level.
                   A        B        C        D        E       F      G
               +--------+--------+--------+--------+--------+-----+--------+
         Total |  27994 |  26112 |   1882 |   6962 |  11962 |  25 | 1119.8 |
       Dungeon |  18489 |  16967 |   1522 |   4359 |   8291 |  15 | 1232.6 |
          Lair |   6172 |   5876 |    296 |   1236 |   2775 |   6 | 1028.7 |
        Shoals |   1862 |   1842 |     20 |    962 |    392 |   2 |  931.0 |
  Orcish Mines |   1470 |   1427 |     43 |    405 |    504 |   2 |  735.0 |
               +--------+--------+--------+--------+--------+-----+--------+
